Get step-by-step instructions on how to execute this build order below. Start the game timer, and the build order will tick by so you can play in parallel with StarCraft on a second screen or mobile device.

Game Time

  0:00

Last Step

  N/A

Next Step

Upcoming Step



Don't want to look back and forth between 2 screens? Try out our Overwolf App, the Spawning Tool Build Advisor to get an in-game overlay with this build!

Complete Build Order

  12  0:00  Probe  
  13  0:13  Probe  
  14  0:27  Pylon  
  14  0:45  Assimilator  
  14  1:00  Pylon  
  14  1:24  Probe  
  14  1:32  Probe  
  16  1:40  Probe  
  17  1:51  Probe  
  18  2:00  Probe